 Dungeon Sprint DCSS version 0.31-a0-544-gceb718ecc6 (webtiles) character file.

Game seed: 9898269207288879114

1485 rocky1 the Grappler (level 8, 0/90 HPs)
             Began as an Octopode Shapeshifter on Aug 16, 2023.
             Was an Initiate of Gozag.
             Slain by a tengu warrior
             ... wielding a +0 glaive
              (10 damage)
             ... in the Dungeon (Sprint IX: "|||||||||||||||||||||||||||||").
             The game lasted 00:04:18 (1003 turns).

rocky1 the Grappler (Octopode Shapeshifter)         Turns: 1003, Time: 00:04:18

Health: 0/90       AC: 24    Str: 23    XL:     8   Next: 79%
Magic:  8/8        EV:  2    Int: 10    God:    Gozag
Gold:   612        SH:  0    Dex: 12    Spells: 7/7 levels left

rFire   . .          .
                       - Unarmed
rCold   . . .        (no shield)
rNeg    . . .        (helmet currently unavailable)
rPois   +            (no amulet)
rElec   .            m - +3 ring of strength
rCorr   .            n - +3 ring of strength
SInv    .            (no ring)
Will    .....        (no ring)
Stlth   ++           (no ring)
HPRegen 0.35/turn    (no ring)
MPRegen 0.11/turn    (no ring)
                     (no ring)

%: no teleportation
@: tree-form (expiring)
A: stationary, stasis, torment immunity, boosted hp, almost no armour,
(amphibious), 8 rings, (camouflage 1), (gelatinous body 1), (nimble swimmer 1),
(tentacles)
a: Renounce Religion, Potion Petition, Call Merchant, Bribe Branch


You were in the Dungeon.
You worshipped Gozag.
Gozag was pleased with you.
You were a tree.
You visited 1 branch You collected 612 gold pieces.

Inventory:

Jewellery
 m - a +3 ring of strength (left branch)
 n - a +3 ring of strength (right branch)
Talismans
 b - a beast talisman
 c - a flux talisman
Scrolls
 k - 2 scrolls of amnesia
Potions
 d - 5 potions of curing
 f - a potion of haste
 g - 4 potions of magic
 h - a potion of berserk rage


   Skills:
 * Level 7.0 Fighting
 + Level 5.6 Dodging
 - Level 2.0 Stealth
 * Level 14.2 Unarmed Combat
 - Level 1.0 Evocations
 + Level 8.4 Shapeshifting


You had 7 spell levels left.
You didn't know any spells.
Your spell library was empty.

Dungeon Overview and Level Annotations

Branches:
Dungeon (1/1)

Altars:
Cheibriados
Dithmenos
Elyvilon
Fedhas
Gozag
Hepliaklqana
Kikubaaqudgha
Makhleb
Nemelex Xobeh
Okawaru
Qazlal
Ru
Sif Muna
Trog
Uskayaw
Vehumet
Wu Jian
Xom
Yredelemnul
Zin
The Shining One
Jiyva
Lugonu


Innate Abilities, Weirdness & Mutations

You are a tree.
Your roots penetrate the ground, keeping you stationary.
You cannot be teleported.
You are immune to unholy pain and torment.
Your maximum health is greatly increased.
You cannot wear most types of armour.
((You are amphibious.))
You can wear up to eight rings at the same time.
((Your skin changes colour to match your surroundings (Stealth+).))
((Your rubbery body absorbs attacks. (AC +1, EV +1)))
((You are camouflaged when in or above water. (Stealth+)))
((You have tentacles for arms and can constrict up to eight enemies at once.))


Message History

The tengu warrior hits you but does no damage.
The kobold demonologist mumbles some strange words.
The tengu warrior hits you from afar with a +0 glaive.
The red devil disappears in a puff of smoke!
The hellwing disappears in a puff of smoke!
The tengu warrior hits you from afar with a +0 glaive!
The tengu warrior hits you but does no damage.
The tengu warrior hits you from afar with a +0 glaive.
The kobold demonologist casts a spell.
You pummel the shadow imp!!
You kill the shadow imp!
The shadow imp disappears in a puff of smoke!
You cannot move.
Unknown command.
The tengu warrior hits you from afar with a +0 glaive!
* * * LOW HITPOINT WARNING * * *
The kobold demonologist mumbles some strange words.
The tengu warrior hits you from afar with a +0 glaive.
* * * LOW HITPOINT WARNING * * *
The shadow imp hits you.
* * * LOW HITPOINT WARNING * * *
You smack the shadow imp!
The shadow imp is severely wounded.
Your transformation is almost over.
The tengu warrior hits you but does no damage.
You pummel the shadow imp!!
You kill the shadow imp!
The shadow imp disappears in a puff of smoke!
The tengu warrior hits you but does no damage.
Unknown command.
The tengu warrior hits you from afar with a +0 glaive.
* * * LOW HITPOINT WARNING * * *
The tengu warrior hits you but does no damage.
The kobold demonologist casts a spell.
The tengu warrior hits you from afar with a +0 glaive!
* * * LOW HITPOINT WARNING * * *
The kobold demonologist mumbles some strange words.
The tengu warrior hits you from afar with a +0 glaive!
You die...
Your body crumbles into a pile of gold.

▓.▓
▓.▓
▓'▓
▓.▓
▓.▓
▓.▓
▓.▓
▓.▓
▓♣▓
▓$▓
▓Q▓
▓H▓
▓K▓
▓5▓
▓4▓
▓.▓


You could see a tengu warrior, an orange demon (summoned), a manticore, a kobold
demonologist and a white imp (summoned).

Vanquished Creatures
  A cyclops (D)
  An unseen horror (D)
  2 wyverns (D)
  A yak (D)
  2 vampire mosquitoes (D)
  An orc warrior (D)
  A hound (D)
  An orc wizard (D)
  2 adders (D)
  2 orcs (D)
  2 goblins (D)
  2 bats (D)
  A frilled lizard (D)
19 creatures vanquished.

Notes
Turn   | Place    | Note
-------+----------+-------------------------------------------
     0 | D        | rocky1 the Octopode Shapeshifter began the quest for the
                  | Orb.
     0 | D        | Reached XP level 1. HP: 13/13 MP: 1/1
    68 | D        | Noticed a hound
    72 | D        | Reached skill level 4 in Unarmed Combat
    72 | D        | Reached XP level 2. HP: 18/18 MP: 2/2
    80 | D        | Reached skill level 5 in Unarmed Combat
    80 | D        | Reached XP level 3. HP: 20/24 MP: 3/3
   178 | D        | Found a snail-covered altar of Cheibriados.
   178 | D        | Found a shadowy altar of Dithmenos.
   178 | D        | Found a white marble altar of Elyvilon.
   178 | D        | Found a blossoming altar of Fedhas.
   178 | D        | Found an opulent altar of Gozag.
   179 | D        | Found a hazy altar of Hepliaklqana.
   180 | D        | Found a viscous altar of Jiyva.
   181 | D        | Found an ancient bone altar of Kikubaaqudgha.
   182 | D        | Found a corrupted altar of Lugonu.
   183 | D        | Found a burning altar of Makhleb.
   184 | D        | Found a sparkling altar of Nemelex Xobeh.
   185 | D        | Found an iron altar of Okawaru.
   186 | D        | Became a worshipper of Gozag Ym Sagoz the Greedy
   187 | D        | Found a stormy altar of Qazlal.
   188 | D        | Found a sacrificial altar of Ru.
   189 | D        | Found a shimmering blue altar of Sif Muna.
   190 | D        | Found a bloodstained altar of Trog.
   191 | D        | Found a hide-covered altar of Uskayaw.
   192 | D        | Found a radiant altar of Vehumet.
   193 | D        | Found an ornate altar of the Wu Jian Council.
   194 | D        | Found a shimmering altar of Xom.
   195 | D        | Found a basalt altar of Yredelemnul.
   196 | D        | Found a glowing silver altar of Zin.
   197 | D        | Found a glowing golden altar of the Shining One.
   233 | D        | Noticed a wyvern
   233 | D        | Noticed a wyvern
   233 | D        | Noticed a yak
   233 | D        | Noticed an orc warrior
   240 | D        | Killed a wyvern
   241 | D        | Reached skill level 1 in Stealth
   241 | D        | Reached skill level 8 in Unarmed Combat
   241 | D        | Reached XP level 4. HP: 12/33 MP: 4/4
   241 | D        | Reached XP level 5. HP: 14/37 MP: 5/5
   243 | D        | HP: 1/37 [something (7)]
   412 | D        | Killed an unseen horror
   413 | D        | Reached skill level 5 in Fighting
   413 | D        | Reached skill level 10 in Unarmed Combat
   413 | D        | Reached XP level 6. HP: 10/45 MP: 6/6
   413 | D        | Reached XP level 7. HP: 11/50 MP: 7/7
   416 | D        | HP: 2/50 [yak (14)]
   591 | D        | Killed a yak
   592 | D        | Reached skill level 11 in Unarmed Combat
   651 | D        | Killed a wyvern
   652 | D        | Reached skill level 12 in Unarmed Combat
   656 | D        | Reached skill level 5 in Dodging
   656 | D        | Reached skill level 1 in Evocations
   656 | D        | Reached XP level 8. HP: 4/57 MP: 8/8
   957 | D        | Noticed a cyclops
   957 | D        | Noticed a tengu warrior
   957 | D        | Noticed a kobold demonologist
   957 | D        | Noticed a manticore
   964 | D        | Reached skill level 13 in Unarmed Combat
   967 | D        | Killed a cyclops
   968 | D        | Reached skill level 14 in Unarmed Combat
   970 | D        | Noticed a red devil
   975 | D        | Noticed a ynoxinul
   982 | D        | Noticed a hellwing
  1002 | D        | Noticed an orange demon
  1003 | D        | Slain by a tengu warrior

Illustrated notes

Levels and vault maps discovered:
D:        linesprint [early_d, line_temple, items_1, d_10, items_2, lair_1,
          lair_end, items_3, orc_1, orc_end, items_4, d_15, swamp_1, shoals_1,
          snake_1, spider_1, d_20, vaults_1, items_5, swamp_end, shoals_end,
          snake_end, spider_end, vaults_end, d_27, items_6, zot_1, zot_end,
          crypt_end, forest_end, elf_end, slime_end, tomb_end, abyss_end,
          pan_hell_end]

Skill      XL: |  1  2  3  4  5  6  7  8 |
---------------+-------------------------+-----
Unarmed Combat | 4 5 8 10 12 14 | 14.2
Shapeshifting  | 4 6 7 8 |  8.4
Fighting       | 4 5 6 7 |  7.0
Dodging        | 3 4 5 |  5.6
Stealth        | 1 2 |  2.0
Evocations     | 1 |  1.0

Action                     |  1- 3 |  4- 6 |  7- 9 || total
---------------------------+-------+-------+-------++-------
  Melee: Unarmed           |    28 |    10 |    33 ||    71
         Constrict         |     6 |       |     2 ||     8
         Tentacles         |     1 |     4 |     2 ||     7
         Punch             |       |     2 |       ||     2
  Evoke: Wand              |       |     3 |     7 ||    10
    Use: Potion            |     1 |     2 |     2 ||     5
         Scroll            |       |     1 |     1 ||     2
   Stab: Sleeping          |     1 |       |       ||     1
 Armour: Skin              |     1 |     1 |    18 ||    20
  Dodge: Dodged            |    18 |     4 |     8 ||    30

Table legend: (Time is in decaauts)
 A = Elapsed time spent in this place.
 B = Non-inter-level travel time spent in this place.
 C = Inter-level travel time spent in this place.
 D = Time resting spent in this place.
 E = Time spent auto-exploring this place.
 F = Levels seen in this place.
 G = Mean time per level.
                   A        B        C        D        E       F      G
               +--------+--------+--------+--------+--------+-----+--------+
         Total |    990 |    990 |      0 |    662 |      0 |   1 |  990.0 |
       Dungeon |    990 |    990 |      0 |    662 |      0 |   1 |  990.0 |
               +--------+--------+--------+--------+--------+-----+--------+

Top non-repeatable levels by time:
       D: 990 daAuts
